AoeStats
← sky_wu

Arena

510471317Analyzed
4v4 RM · 7h ago on Oct 1, 2026· 46m 22s· 8 players
Game mode
Random Map
Map size
Large (8 player)
Population
200
Speed
Normal
Resources
Standard
Victory
Conquest
Starting age
Dark Age
Ending age
Imperial Age
RankedLock teamsTeams togetherTeam positionsShared explorationLock speedFull tech treeHidden civsTurbo modeCheats
Victory
Defeat
🇨🇱 Mongols · Chile
1084
+15
🇲🇽 Varangians · Mexico
1061
+15
🇳🇿 Lithuanians · New Zealand
1052
+16
🇨🇦 Bohemians · Canada
993
+19
🇨🇳 Persians · China
1097
-18
🇹🇼 Bengalis · Taiwan
1066
-17
1037
-16
🇮🇩 Franks · Indonesia
994
-14
chichimp
10:45 Feudal Age
14:31 Castle Age
12:32 Horse Collar
13:19 Double-Bit Axe
15:33 Bloodlines
19:44 Forging
26:35 Wheelbarrow
29:41 Imperial Age
27:30 Scale Barding Armor
27:24 Stone Mining
29:24 Chain Barding Armor
29:43 Forging
30:24 Bloodlines
30:29 Husbandry
30:43 Loom
31:24 Elite Leitis
33:58 Plate Barding Armor
34:58 Hand Cart
35:11 Conscription
35:13 Padded Archer Armor
35:26 Gold Mining
36:36 Leather Archer Armor
37:59 Chemistry
37:56 Ring Archer Armor
42:16 Thumb Ring
44:12 Fletching
46:25 Town Watch
46:44 Scale Mail Armor
47:19 Iron Casting
46:41 Bodkin Arrow
47:03 Fortified Wall
Lumi.S
9:41 Feudal Age
14:35 Castle Age
13:10 Double-Bit Axe
13:35 Horse Collar
15:53 Bow Saw
18:40 Fervor
26:33 Wheelbarrow
26:22 Loom
30:40 Imperial Age
28:55 Hand Cart
29:40 Sanctity
28:52 Pikeman
29:55 Heavy Plow
30:12 Squires
31:27 Chemistry
31:37 Ballistics
31:43 Scale Mail Armor
31:56 Forging
32:22 Conscription
33:05 Block Printing
33:26 Ballistics
34:33 Iron Casting
34:14 Chain Mail Armor
34:34 Halberdier
36:19 Illumination
37:44 Blast Furnace
37:15 Plate Mail Armor
38:02 Wagenburg Tactics
38:57 Elite Hussite Wagon
41:19 Padded Archer Armor
Dr_muerte_23
11:17 Feudal Age
10:30 Loom
17:03 Castle Age
15:29 Gold Mining
15:21 Horse Collar
15:39 Double-Bit Axe
18:58 Bow Saw
19:45 Heavy Plow
22:12 Stone Mining
24:25 Wheelbarrow
24:01 Squires
24:58 Gambesons
25:31 Scale Mail Armor
25:48 Forging
30:39 Imperial Age
29:02 Iron Casting
28:43 Chain Mail Armor
28:20 Fletching
28:43 Arson
28:43 Treadmill Crane
29:00 Murder Holes
29:14 Town Watch
29:50 Hand Cart
29:20 Town Watch
31:44 Stone Shaft Mining
31:11 Gothikon
32:12 Conscription
33:18 Blast Furnace
33:28 Plate Mail Armor
33:02 Elite Varangian Guard
38:52 Town Patrol
38:50 Bodkin Arrow
39:18 Ballistics
39:10 Masonry
39:10 Fortified Wall
40:58 Bracer
42:02 Chemistry
pegador
11:48 Feudal Age
14:17 Wheelbarrow
13:49 Double-Bit Axe
14:01 Horse Collar
16:37 Castle Age
17:52 Hand Cart
17:50 Bow Saw
17:41 Heavy Plow
27:43 Fletching
27:53 Padded Archer Armor
28:07 Gold Mining
28:07 Stone Mining
28:23 Bodkin Arrow
30:25 Leather Archer Armor
30:27 Fortified Wall
30:07 Guard Tower
31:10 Gold Shaft Mining
30:25 Stone Mining
31:10 Gold Shaft Mining
33:50 Imperial Age
31:06 Loom
31:06 Town Watch
34:10 Forging
34:05 Scale Barding Armor
34:10 Forging
34:00 Scale Mail Armor
33:59 Elite Mangudai
34:59 Conscription
35:21 Stone Shaft Mining
35:03 Bracer
36:12 Chemistry
35:33 Ballistics
35:19 Siege Engineers
35:25 Masonry
35:10 Murder Holes
35:25 Scale Barding Armor
36:02 Hoardings
34:58 Sappers
35:49 Capped Ram
37:26 Iron Casting
37:12 Chain Barding Armor
37:41 Capped Ram
37:42 Onager
37:43 Heavy Scorpion
39:22 Siege Ram
39:29 Siege Onager
40:24 Man-at-Arms
40:24 Pikeman
41:05 Squires
40:50 Arson
41:53 Long Swordsman
42:45 Two-Handed Swordsman
43:42 Town Patrol
43:33 Champion
45:28 Blast Furnace
44:29 Scale Mail Armor
sky_wu
0:59 Loom
9:51 Feudal Age
17:01 Castle Age
15:27 Double-Bit Axe
15:24 Horse Collar
18:01 Bow Saw
22:16 Heavy Plow
23:42 Gold Mining
23:45 Stone Mining
27:04 Gold Shaft Mining
29:14 Imperial Age
28:26 Wheelbarrow
29:09 Husbandry
29:20 Bloodlines
29:42 Scale Barding Armor
29:47 Forging
30:18 Ballistics
30:19 Hand Cart
31:19 Two-Man Saw
31:10 Crop Rotation
31:19 Conscription
33:03 Paiks
34:18 Murder Holes
34:06 Elite Battle Elephant
36:26 Chain Barding Armor
36:41 Iron Casting
39:27 Blast Furnace
39:02 Plate Barding Armor
40:34 Elite Skirmisher
41:06 Fletching
41:16 Padded Archer Armor
43:50 Bodkin Arrow
44:10 Leather Archer Armor
青山新雨 夜观星河
11:06 Feudal Age
11:29 Loom
15:09 Castle Age
12:57 Double-Bit Axe
12:55 Horse Collar
18:25 Wheelbarrow
22:47 Heavy Plow
22:59 Bow Saw
22:35 Pikeman
24:49 Gold Mining
31:40 Imperial Age
29:14 Scale Mail Armor
30:07 Hand Cart
30:11 Chain Mail Armor
30:05 Squires
30:19 Anarchy
30:47 Forging
32:48 Conscription
31:58 Halberdier
33:51 Iron Casting
36:22 Blast Furnace
36:40 Two-Man Saw
35:32 Man-at-Arms
37:18 Chemistry
36:56 Murder Holes
36:56 Elite Huskarl
40:21 Fletching
41:02 Perfusion
43:10 Caravan
44:05 Long Swordsman
44:27 Two-Handed Swordsman
44:43 Champion
雅硬雅重
10:28 Feudal Age
11:53 Double-Bit Axe
14:21 Castle Age
12:03 Horse Collar
12:24 Double-Bit Axe
14:57 Loom
21:42 Wheelbarrow
21:14 Heavy Plow
23:50 Hand Cart
23:58 Bow Saw
23:51 Town Watch
25:38 Gold Mining
27:16 Husbandry
27:26 Bloodlines
27:27 Scale Barding Armor
27:32 Forging
28:13 Gold Shaft Mining
27:29 Stone Mining
27:54 Crossbowman
28:54 Forging
28:59 Fletching
29:09 Padded Archer Armor
30:43 Bodkin Arrow
31:24 Iron Casting
31:28 Leather Archer Armor
31:31 Squires
30:52 Pikeman
31:41 Thumb Ring
32:03 Ballistics
32:22 Kamandaran
35:33 Chain Barding Armor
35:14 Scale Mail Armor
38:31 Imperial Age
37:22 Chain Mail Armor
39:09 Conscription
39:57 Chemistry
38:18 Cavalier
40:00 Blast Furnace
39:35 Plate Barding Armor
39:31 Ring Archer Armor
40:06 Masonry
40:07 Careening
43:48 Savar
muhaliefr06
11:19 Feudal Age
13:13 Wheelbarrow
17:37 Castle Age
15:50 Double-Bit Axe
16:26 Stone Mining
17:39 Loom
19:16 Hand Cart
30:07 Bow Saw
29:54 Gold Mining
34:46 Imperial Age
32:46 Husbandry
33:41 Gold Shaft Mining
33:13 Man-at-Arms
34:28 Treadmill Crane
35:00 Scale Barding Armor
35:05 Forging
34:59 Scale Mail Armor
35:04 Long Swordsman
36:18 Two-Handed Swordsman
37:37 Iron Casting
37:53 Champion
38:20 Gambesons
39:33 Squires
39:53 Chain Mail Armor
43:31 Plate Mail Armor
Connection lost

Rejoining the realm…

Still unreachable

The connection could not be restored.

Session expired

The server has moved on; the page needs a fresh start.